 Dungeon Crawl Stone Soup version 0.28-a0-863-g8cecda6153 (webtiles) character file.

Game seed: 455261803814677586

429 Zonian the Poker (level 6, -11/47 HPs)
             Began as a Demonspawn Gladiator on Nov 18, 2021.
             Was an Initiate of Gozag.
             Blown up by Ijyb (15 damage)
             ... with a mindburst bolt
             ... on level 4 of the Dungeon.
             The game lasted 00:06:27 (5016 turns).

Zonian the Poker (Demonspawn Gladiator)             Turns: 5016, Time: 00:06:28

Health: -11/47     AC: 11    Str: 14    XL:     6   Next: 66%
Magic:  6/6        EV: 13    Int: 10    God:    Gozag
Gold:   448        SH:  0    Dex: 16    Spells: 5/5 levels left

rFire   . . .      SeeInvis .   a - +1 trident
rCold   . . .      Faith    .   (no shield)
rNeg    . . .      Spirit   .   b - +0 leather armour
rPois   .          Reflect  .   c - +1 helmet
rElec   .          Harm     .   (no cloak)
rCorr   .          Rampage  .   (no gloves)
Will    .....                   (no boots)
Stlth   ++........              (no amulet)
HPRegen 0.15/turn               j - ring of flight
MPRegen 0.10/turn               (no ring)

@: sanguine armoured, flying, studying Fighting
A: foul stench 1, sanguine armour 1, weakness stinger 1
a: Renounce Religion, Potion Petition, Call Merchant, Bribe Branch


You were on level 4 of the Dungeon.
You worshipped Gozag.
Gozag was aware of your devotion.
You visited 1 branch of the dungeon, and saw 4 of its levels.

You collected 480 gold pieces.
You paid 32 gold pieces to Gozag.

Inventory:

Hand Weapons
 a - a +1 trident (weapon)
Missiles
 k - 3 boomerangs (quivered)
Armour
 b - a +0 leather armour (worn)
 c - a +1 helmet (worn)
Jewellery
 e - a ring of resist corrosion
 j - a ring of flight (left hand)
 p - a +6 ring of intelligence
Scrolls
 g - a scroll of identify
 i - a scroll of enchant weapon
 o - a scroll of amnesia
 q - a scroll of holy word
Potions
 f - a potion of might
 h - a potion of lignification
 l - a potion of brilliance
 m - a potion of heal wounds
 n - a potion of flight {unknown}


   Skills:
 + Level 3.4 Fighting
 + Level 5.2 Polearms
 + Level 1.9 Throwing
 + Level 2.5 Armour
 + Level 3.3 Dodging
 + Level 1.2 Stealth


You had 5 spell levels left.
You didn't know any spells.
Your spell library was empty.

Dungeon Overview and Level Annotations

Branches:
Dungeon (4/15)
 Temple: D:4-7

Altars:
Gozag

Annotations:
D:4 3 runed translucent doors, Dvallin's ghost, weakling NaDe; Ijyb


Innate Abilities, Weirdness & Mutations

You may rarely emit foul miasma when damaged in melee.
When seriously injured, your bleeding wounds create armour. (AC +6)
You have a small tail.


Message History

There is an open door here.
You now have 448 gold pieces (gained 7).
Ijyb the Twisted Goblin comes into view.
She is wielding a +0 club and carrying a wand of mindburst (20).
Ijyb shouts!
Unknown command.
Ijyb zaps a wand.
Your mind is blasted!
Ouch! That really hurt!
* * * LOW HITPOINT WARNING * * *
Your blood congeals into armour.
Unknown command.
Throw: throwing net
Press: ? - help, Q - select action, (/) - cycle Shift-Dir - straight line, f - Ijyb
Aim: Ijyb, wielding a +0 club, wearing a +0 scale mail and carrying a wand of mindburst (19) (57% to hit)
You throw a throwing net. The throwing net hits Ijyb.
Ijyb is caught in the net!
Ijyb struggles against the net.
Ijyb struggles against the net.
Ijyb struggles against the net.
You catch the helpless Ijyb completely off-guard!
You puncture Ijyb! You tail-slap Ijyb.
Ijyb is heavily wounded.
Ijyb struggles against the net.
You puncture Ijyb!
Ijyb is almost dead.
Ijyb struggles against the net.
The net rips apart, and Ijyb comes free!
You hit Ijyb but do no damage.
Ijyb is almost dead.
Ijyb zaps a wand.
You barely resist. You hit Ijyb but do no damage.
Ijyb is almost dead.
Ijyb completely misses you.
You hit Ijyb but do no damage.
Ijyb is almost dead.
Ijyb zaps a wand.
Your mind is blasted!
* * * LOW HITPOINT WARNING * * *
You closely miss Ijyb.
Ijyb is almost dead.
Ijyb zaps a wand.
Your mind is blasted!
You die...

##.#.## ##...## #.######
##.###.## ##'## #.# #.##
##.# #.# #.# ##.###.##
#.# #.# ##.#.## *#.##
#.# ##.## **...## #.#
#.######## *,....# #.#
#........####...####*#.#
########.##.@g......,,,*
#.##.########**** #....#
######


You could see Ijyb.

Vanquished Creatures
  2 ogres (D:4)
  A water moccasin skeleton (D:4)
  An iguana (D:4)
  2 orc wizards (D:3)
  6 adders
  A dart slug (D:3)
  5 orcs
  7 ball pythons
  5 endoplasms
  6 giant cockroaches
  8 goblins
  9 hobgoblins
  3 jackals
  5 quokkas
  6 bats
  4 frilled lizards
  5 kobolds
  3 rats
79 creatures vanquished.

Notes
Turn   | Place    | Note
-------+----------+-------------------------------------------
     0 | D:1      | Zonian the Demonspawn Gladiator began the quest for the
                  | Orb.
     0 | D:1      | Reached XP level 1. HP: 16/16 MP: 1/1
    91 | D:1      | Reached skill level 3 in Polearms
   104 | D:1      | Gained mutation: You have a small tail. [demonic ancestry]
   104 | D:1      | Reached XP level 2. HP: 18/22 MP: 2/2
   728 | D:2      | Gained mutation: You may rarely emit foul miasma when
                  | damaged in melee. [demonic ancestry]
   728 | D:2      | Reached XP level 3. HP: 19/28 MP: 3/3
  1379 | D:2      | Found an opulent altar of Gozag.
  1406 | D:2      | Became a worshipper of Gozag Ym Sagoz the Greedy
  1420 | D:2      | Gained mutation: When seriously injured, your bleeding
                  | wounds create armour. (AC +6) [demonic ancestry]
  1420 | D:2      | Reached XP level 4. HP: 34/34 MP: 4/4
  2101 | D:3      | Reached skill level 4 in Polearms
  2101 | D:3      | Reached skill level 1 in Armour
  2115 | D:3      | Reached XP level 5. HP: 26/39 MP: 5/5
  3235 | D:4      | Identified a scroll of acquirement
  3235 | D:4      | Acquired a manual of Fighting
  3731 | D:4      | HP: 2/40 [iguana (6)]
  4468 | D:4      | Noticed an ogre
  4480 | D:4      | Killed an ogre
  4481 | D:4      | Reached XP level 6. HP: 43/47 MP: 6/6
  4790 | D:4      | Found a runed translucent gate.
  4790 | D:4      | Found a runed translucent gate.
  4790 | D:4      | Found a runed translucent gate.
  4792 | D:4      | Found an opulent altar of Gozag.
  4792 | D:4      | Noticed an acid dragon
  4792 | D:4      | Noticed an orc warrior
  4792 | D:4      | Noticed Dvallin's ghost (weakling NaDe)
  4805 | D:4      | Reached skill level 5 in Polearms
  4874 | D:4      | Reached skill level 1 in Stealth
  5006 | D:4      | Noticed Ijyb
  5016 | D:4      | Blown up by Ijyb

Illustrated notes

Levels and vault maps discovered:
D:1:      saegor_arrival_miasma, layout_basic, chequers_arboretum
D:2:      cheibrodos_greedy_goblins, layout_rooms, basic_altar,
          nrook_mini_vaults
D:3:      layout_basic, lemuel_another_geyser
D:4:      layout_loops_corners, ebering_ghost_gozag, minmay_checkerbox,
          uniq_ijyb

Skill      XL: |  1  2  3  4  5  6 |
---------------+-------------------+-----
Polearms       | 3 4 5 |  5.2
Dodging        | 3 |  3.3
Armour         | 1 2 |  2.5
Fighting       | 3 |  3.4
Stealth        | 1 |  1.2
Throwing       | |  1.9

Action                   |  1- 3 |  4- 6 || total
-------------------------+-------+-------++-------
Melee: Trident           |    95 |   144 ||   239
       Tailslap          |     8 |    21 ||    29
Throw: Throwing net      |       |     3 ||     3
  Use: Scroll            |       |    15 ||    15
       Potion            |       |     2 ||     2
 Stab: Sleeping          |     2 |       ||     2
       Distracted        |       |     1 ||     1
       Held in net/web   |       |     3 ||     3
Armor: Leather armour    |    15 |    51 ||    66
Dodge: Dodged            |    40 |    72 ||   112

Table legend: (Time is in decaauts)
 A = Elapsed time spent in this place.
 B = Non-inter-level travel time spent in this place.
 C = Inter-level travel time spent in this place.
 D = Time resting spent in this place.
 E = Time spent auto-exploring this place.
 F = Levels seen in this place.
 G = Mean time per level.
                   A        B        C        D        E       F      G
               +--------+--------+--------+--------+--------+-----+--------+
         Total |   5039 |   4945 |     94 |   1913 |   2318 |   4 | 1259.8 |
       Dungeon |   5039 |   4945 |     94 |   1913 |   2318 |   4 | 1259.8 |
               +--------+--------+--------+--------+--------+-----+--------+

Top non-repeatable levels by time:
     D:4: 1932 daAuts
     D:2: 1290 daAuts
     D:3: 1101 daAuts
     D:1: 714 daAuts
